Barracuda vs Phantoms

Created - May 22, 2022 at 06:57

Goals
1 2 3 OT1 SO T
Barracuda 1 2 1 0 2 5
Phantoms 0 2 2 0 1 4
Shots
1 2 3 OT1 SO T
Barracuda 11 10 10 1 3 32
Phantoms 4 17 14 0 3 35

1st period

1. Barracuda , Theodor Blueger 18 (Samuel Groulx 35, Justin Shugg 16) at 7:51

Penalties :
Reid McNeill (Leh) for Hooking (Minor) at 0:45, Alex Henriksson (S.J) for Tripping (Minor) at 3:34, Morgan Klimchuk (Leh) for Hooking (Minor) at 15:30

2nd period

2. Barracuda , Dmitrij Jaskin 41 (Alex Iafallo 46, Sam Carrick 61) at 3:21
3. Barracuda , Alex Henriksson 12 (Eric Gustafsson 25, Theodor Blueger 20) at 9:54
4. Phantoms , Cristoval Nieves 25 (Nick Sorensen 13, Reid McNeill 14) at 12:14
5. Phantoms , Travis Konecny 55 (Michael Bournival 32, Calle Jarnkrok 65) at 19:37 (PP)

Penalties :
Alex Iafallo (S.J) for Hooking (Minor) at 0:59, Sam Carrick (S.J) for Hooking (Minor) at 7:22, Sven Andrighetto (Leh) for Hooking (Minor) at 7:27, Emil Pettersson (S.J) for Hooking (Minor) at 13:00, Robin Norell (S.J) for Hooking (Minor) at 19:24

3rd period

6. Phantoms , Reid McNeill 7 (Calle Jarnkrok 66) at 10:56
7. Phantoms , Calle Jarnkrok 33 (Reid McNeill 15, Michael Bournival 33) at 14:31 (PP)
8. Barracuda , Markus Nutivaara 13 (Sam Carrick 62, Alex Iafallo 47) at 18:02 (PP)

Penalties :
Morgan Klimchuk (Leh) for Roughing (Minor) at 0:38, Reid McNeill (Leh) for Roughing (Minor) at 7:37, Arturs Kulda (S.J) for Holding (Minor) at 14:15, Markus Nutivaara (S.J) for High sticking (Minor) at 15:10, Nick Sorensen (Leh) for Holding (Minor) at 17:48, Blake Heinrich (Leh) for Roughing (Minor) at 19:48

Overtime #1

No Goal

Penalties :
No Penalty

Shootout

Barracuda, Alex Iafallo - Stopped by Zachary Fucale
Phantoms, Michael Bournival - Goal!
Barracuda, Dmitrij Jaskin - Goal!
Phantoms, Calle Jarnkrok - Stopped by Joacim Eriksson
Barracuda, Sam Carrick - Goal!
Phantoms, Travis Konecny - Stopped by Joacim Eriksson

Penalties :
No Penalty

Goalie Stats

Joacim Eriksson (S.J), 31 saves from 35 shots - (0.886), W, 23-18-3, 65:00 minutes
Zachary Fucale (Leh), 28 saves from 32 shots - (0.875), OTL, 5-10-1, 65:00 minutes

Players Stats for Barracuda

Player Name              G  A  P  +/- PIM S  H  SB GA TA FO     MP     PP MP  PK MP  
------------------------------------------------------------------------------------
Alex Henriksson          1  0  1   0  2   3  0  0  0  0  1/1    11:21   0:14   1:11 
Alex Iafallo             0  2  2   0  2   4  3  2  2  0  0/3    25:02   4:25   3:42 
Arturs Kulda             0  0  0  -2  2   1  0  0  1  0  0/0    30:48   4:32   5:00 
Brandon Kozun            0  0  0   0  0   1  3  0  1  0  0/1    14:29   3:56   0:00 
Chris Wagner             0  0  0  -1  0   0  0  0  0  0  0/0     7:06   0:00   0:00 
Cole Ully                0  0  0   1  0   2  0  0  0  0  0/0     9:34   0:00   1:11 
David Shields            0  0  0   1  0   1  1  0  0  0  0/0    13:46   0:00   1:19 
Dmitrij Jaskin           1  0  1   0  0   4  1  0  2  0  0/0    18:52   4:25   0:00 
Emil Pettersson          0  0  0   0  2   1  0  0  1  0  11/18  19:45   3:50   2:18 
Eric Gustafsson          0  1  1   2  0   3  0  0  0  0  0/0    21:33   3:54   3:14 
Justin Shugg             0  1  1   1  0   0  2  0  0  0  0/2    10:11   0:00   0:00 
Markus Nutivaara         1  0  1  -2  2   6  0  0  1  2  0/0    29:41   4:32   3:48 
Noah Gregor              0  0  0  -1  0   0  0  0  0  1  0/0     7:06   0:00   0:00 
Robin Norell             0  0  0   1  2   0  0  0  0  0  0/0    12:21   0:00   0:00 
Sam Carrick              0  2  2   1  2   1  2  0  1  1  14/37  25:58   4:27   4:37 
Samuel Groulx            0  1  1   2  0   1  2  2  0  2  0/0    21:53   3:54   3:39 
Theodor Blueger          1  1  2   2  0   1  2  0  0  0  2/4    10:13   0:14   0:54 
William Carrier          0  0  0   0  0   3  1  0  0  0  0/0    19:50   3:47   3:07 

Players Stats for Phantoms

Player Name              G  A  P  +/- PIM S  H  SB GA TA FO     MP     PP MP  PK MP  
------------------------------------------------------------------------------------
A.J. Greer               0  0  0   0  0   0  0  0  0  0  0/0     2:05   0:00   1:19 
Alex DeBrincat           0  0  0  -1  0   0  1  0  0  0  0/0    14:14   3:32   0:00 
Anthony Angello          0  0  0   0  0   0  0  0  0  0  0/0     1:59   0:00   0:08 
Blake Heinrich           0  0  0   0  2   1  2  3  0  1  0/0    22:47   3:16   3:26 
Brendan Leipsic          0  0  0   0  0   0  0  0  0  0  0/0     2:11   0:04   0:00 
Brenden Kichton          0  0  0  -1  0   0  0  1  0  0  0/0     9:51   0:00   0:00 
Calle Jarnkrok           1  2  3   0  0   1  2  0  0  2  16/28  25:26   4:54   4:46 
Cristoval Nieves         1  0  1   0  0   2  1  1  0  0  3/7    10:49   0:00   0:00 
David Kampf              0  0  0   0  0   0  0  0  0  0  2/3     4:11   0:04   0:00 
Devon Teows              0  0  0  -1  0   1  1  0  0  0  0/0    12:18   0:00   2:13 
Erik Nystrom             0  0  0   0  0   0  0  0  0  0  0/0     4:36   0:00   0:00 
Ivan Provorov            0  0  0   0  0   1  0  2  0  0  0/0    23:34   3:16   4:12 
Jake Dotchin             0  0  0   0  0   0  2  2  0  2  0/0    31:35   5:14   6:02 
Laurent Dauphin          0  0  0   0  0   0  0  0  0  0  0/0     3:15   0:00   2:07 
Lucas Wallmarkk          0  0  0   0  0   0  0  0  0  0  0/0     4:36   0:00   0:00 
Michael Bournival        0  2  2   0  0   6  1  1  2  1  7/10   27:20   4:54   5:18 
Mikko Lehtonen           0  0  0   0  0   0  0  0  0  0  0/0     3:33   0:00   0:51 
Morgan Klimchuk          0  0  0   0  4   1  0  0  0  0  0/0    10:52   0:00   0:00 
Nick Shore               0  0  0  -1  0   3  3  0  1  0  9/15   14:14   3:32   0:00 
Nick Sorensen            0  1  1   0  2   1  0  1  1  0  0/0    11:33   0:04   0:00 
Reid McNeill             1  2  3   1  4   6  2  1  0  2  0/0    27:54   5:14   3:44 
Sven Andrighetto         0  0  0  -2  2   1  3  0  1  1  0/1    17:58   3:31   2:31 
Travis Konecny           1  0  1   0  0   11 2  0  1  0  1/2    20:54   4:54   2:31 

3 Stars

1 - Theodor Blueger (S.J)
2 - Calle Jarnkrok (Leh)
3 - Reid McNeill (Leh)

Power Play

Barracuda - 1 on 7 Attempt(s) - 14.29%
Phantoms - 2 on 7 Attempt(s) - 28.57%

Penalty Kill

Barracuda - 5 on 7 Attempt(s) - 71.43% - Score 0 goal in Penalty Kill
Phantoms - 6 on 7 Attempt(s) - 85.71% - Score 0 goal in Penalty Kill

Team Stat

Barracuda - Hits : 17 - Faceoff Wins : 28 - Blocked Shots : 4 - Penalty Minutes : 14
Phantoms - Hits : 20 - Faceoff Wins : 38 - Blocked Shots : 12 - Penalty Minutes : 14

Official

Referees : Dan O'Rourke and Jean Hebert
Linesman : Libor Suchanek and Steve Barton

Game Notes

No Game Note

Finance

Level 1 -- Attendance: 1989 (99.45%) -- Ticket Income $69,615
Level 2 -- Attendance: 596 (59.60%) -- Ticket Income $11,920
Total Attendance: 2585 (86.17%)
Total Ticket Income: $81,535
Other Income: $4,077
Total Income: $85,612

Barracuda

5 vs 5 Forward 
   Center                   Left Wing                Right Wing               Time % Phy DF OF 
 1 Sam Carrick              Alex Iafallo             Dmitrij Jaskin           40     1   2  2  
 2 Emil Pettersson          William Carrier          Brandon Kozun            30     1   2  2  
 3 Theodor Blueger          Cole Ully                Justin Shugg             20     1   2  2  
 4 Noah Gregor              Alex Henriksson          Chris Wagner             10     1   2  2  

5 vs 5 Defense 
   Defense                  Defense                                           Time % Phy DF OF 
 1 Arturs Kulda             Markus Nutivaara                                  40     1   2  2  
 2 Eric Gustafsson          Samuel Groulx                                     30     1   2  2  
 3 David Shields            Robin Norell                                      20     1   2  2  
 4 Arturs Kulda             Markus Nutivaara                                  10     1   2  2  

PowerPlay Forward 
   Center                   Left Wing                Right Wing               Time % Phy DF OF 
 1 Sam Carrick              Alex Iafallo             Dmitrij Jaskin           60     1   2  2  
 2 Emil Pettersson          William Carrier          Brandon Kozun            40     1   2  2  

PowerPlay Defense
   Defense                  Defense                                           Time % Phy DF OF 
 1 Arturs Kulda             Markus Nutivaara                                  60     1   2  2  
 2 Eric Gustafsson          Samuel Groulx                                     40     1   2  2  

Penalty Kill 4 Players Forward 
   Center                   Wing                     Time % Phy DF OF 
 1 Sam Carrick              Alex Iafallo             60     1   4  0  
 2 Emil Pettersson          William Carrier          40     1   2  2  

Penalty Kill 4 Players Defense
   Defense                  Defense                  Time % Phy DF OF 
 1 Arturs Kulda             Markus Nutivaara         60     1   4  0  
 2 Eric Gustafsson          Samuel Groulx            40     1   2  2  

Penalty Kill - 3 Players Forward 
   Forward                                           Time % Phy DF OF 
 1 Sam Carrick                                       60     1   4  0  
 2 Emil Pettersson                                   40     1   4  0  

Penalty Kill - 3 Players Defense
   Defense                  Defense                  Time % Phy DF OF 
 1 Arturs Kulda             Markus Nutivaara         60     1   4  0  
 2 Eric Gustafsson          Samuel Groulx            40     1   4  0  

4 vs 4 Forward 
   Center                   Wing                     Time % Phy DF OF 
 1 Sam Carrick              Alex Iafallo             60     1   2  2  
 2 Emil Pettersson          William Carrier          40     1   2  2  

4 vs 4 Defense
   Defense                  Defense                  Time % Phy DF OF 
 1 Arturs Kulda             Markus Nutivaara         60     1   2  2  
 2 Eric Gustafsson          Samuel Groulx            40     1   2  2  

Last Minutes Offensive
   Center                   Left Wing                Right Wing               Defense                  Defense                  
   Sam Carrick              Alex Iafallo             Dmitrij Jaskin           Arturs Kulda             Markus Nutivaara         

Last Minutes Defensive
   Center                   Left Wing                Right Wing               Defense                  Defense                  
   Sam Carrick              Alex Iafallo             Dmitrij Jaskin           Arturs Kulda             Markus Nutivaara         

Goaltenders
Starting : Joacim Eriksson          
Backup : Oscar Dansk              

Extra Forwards
Normal : William Carrier, Emil Pettersson, Justin Shugg - PP : William Carrier, Emil Pettersson - PK : William Carrier
Extra Defensemen
Normal : Samuel Groulx, David Shields, Robin Norell - PP : Samuel Groulx - PK : Samuel Groulx, David Shields
Penalty Shots
Alex Iafallo, Dmitrij Jaskin, Sam Carrick, Brandon Kozun, William Carrier

Scratches
Alex Lintuniemi (Healthy), Jaedon Descheneau (Healthy), Jerome Gauthier-Leduc (Healthy), Mario Lucia (Healthy), Thomas Gobeil (Healthy)
Tanner Jeannot (Healthy), Drew O'Connor (Healthy), Dennis Cholowski (Healthy), Kevin Lankinen (Healthy)

Phantoms

5 vs 5 Forward 
   Center                   Left Wing                Right Wing               Time % Phy DF OF 
 1 Calle Jarnkrok           Michael Bournival        Travis Konecny           40     1   2  2  
 2 Nick Shore               Alex DeBrincat           Sven Andrighetto         30     1   2  2  
 3 Cristoval Nieves         Morgan Klimchuk          Nick Sorensen            20     1   2  2  
 4 Lucas Wallmarkk          Erik Nystrom             Michael Bournival        10     1   2  2  

5 vs 5 Defense 
   Defense                  Defense                                           Time % Phy DF OF 
 1 Jake Dotchin             Reid McNeill                                      40     1   2  2  
 2 Ivan Provorov            Blake Heinrich                                    30     1   2  2  
 3 Brenden Kichton          Devon Teows                                       20     1   2  2  
 4 Mikko Lehtonen           Jake Dotchin                                      10     1   2  2  

PowerPlay Forward 
   Center                   Left Wing                Right Wing               Time % Phy DF OF 
 1 Calle Jarnkrok           Michael Bournival        Travis Konecny           60     1   2  2  
 2 Nick Shore               Alex DeBrincat           Sven Andrighetto         40     1   2  2  

PowerPlay Defense
   Defense                  Defense                                           Time % Phy DF OF 
 1 Jake Dotchin             Reid McNeill                                      60     1   2  2  
 2 Ivan Provorov            Blake Heinrich                                    40     1   2  2  

Penalty Kill 4 Players Forward 
   Center                   Wing                     Time % Phy DF OF 
 1 Michael Bournival        Calle Jarnkrok           60     1   2  2  
 2 Travis Konecny           Sven Andrighetto         40     1   2  2  

Penalty Kill 4 Players Defense
   Defense                  Defense                  Time % Phy DF OF 
 1 Jake Dotchin             Reid McNeill             60     1   2  2  
 2 Ivan Provorov            Blake Heinrich           40     1   2  2  

Penalty Kill - 3 Players Forward 
   Forward                                           Time % Phy DF OF 
 1 Michael Bournival                                 60     1   2  2  
 2 Calle Jarnkrok                                    40     1   2  2  

Penalty Kill - 3 Players Defense
   Defense                  Defense                  Time % Phy DF OF 
 1 Jake Dotchin             Reid McNeill             60     1   2  2  
 2 Ivan Provorov            Blake Heinrich           40     1   2  2  

4 vs 4 Forward 
   Center                   Wing                     Time % Phy DF OF 
 1 Michael Bournival        Calle Jarnkrok           60     1   2  2  
 2 Travis Konecny           Sven Andrighetto         40     1   2  2  

4 vs 4 Defense
   Defense                  Defense                  Time % Phy DF OF 
 1 Jake Dotchin             Reid McNeill             60     1   2  2  
 2 Ivan Provorov            Blake Heinrich           40     1   2  2  

Last Minutes Offensive
   Center                   Left Wing                Right Wing               Defense                  Defense                  
   Calle Jarnkrok           Michael Bournival        Travis Konecny           Jake Dotchin             Reid McNeill             

Last Minutes Defensive
   Center                   Left Wing                Right Wing               Defense                  Defense                  
   Calle Jarnkrok           Michael Bournival        Travis Konecny           Jake Dotchin             Reid McNeill             

Goaltenders
Starting : Zachary Fucale           
Backup : Anton Forsberg           

Extra Forwards
Normal : David Kampf, Brendan Leipsic, Laurent Dauphin - PP : David Kampf, Brendan Leipsic - PK : Laurent Dauphin
Extra Defensemen
Normal : Brenden Kichton, Devon Teows, Mikko Lehtonen - PP : Brenden Kichton - PK : Devon Teows, Mikko Lehtonen
Penalty Shots
Michael Bournival, Calle Jarnkrok, Travis Konecny, Sven Andrighetto, Alex DeBrincat

Scratches
Cooper Marody (Healthy), JC Lipon (Healthy), Mark Alt (Sprained Right Knee Injury), Rinat Valiev (Healthy), Brett Murray (Healthy)
Matt Kiersted (Healthy), Riley Stillman (Healthy), Jason Kasdorf (Healthy)

% Time on Ice - Barracuda

Lines # - Real PCT - Wanted PCT - Time Play
Normal Forward
1 - 37% - 40% - 15:23
2 - 26% - 30% - 10:33
3 - 20% - 20% - 8:08
4 - 17% - 10% - 7:06
Normal Defense
1 - 43% - 40% - 17:41
2 - 28% - 30% - 11:41
3 - 29% - 20% - 11:48
4 - 0% - 10% - 0:00
PP Forward
1 - 53% - 60% - 4:30
2 - 47% - 40% - 3:56
PP Defense
1 - 54% - 60% - 4:32
2 - 46% - 40% - 3:54
PK Forward
1 - 77% - 60% - 6:31
2 - 23% - 40% - 1:59
PK Defense
1 - 73% - 60% - 6:11
2 - 27% - 40% - 2:19
PK3 Forward
1 - 0% - 60%
2 - 0% - 40%
PK3 Defense
1 - 0% - 60%
2 - 0% - 40%
44 Forward
1 - 85% - 60% - 5:51
2 - 15% - 40% - 1:03
44 Defense
1 - 62% - 60% - 4:15
2 - 38% - 40% - 2:39
Last Minute Offensive  - 0:00
Last Minute Defensive  - 0:00
Total
Forward - 65:00
Defense - 65:00

% Time on Ice - Phantoms

Lines # - Real PCT - Wanted PCT - Time Play
Normal Forward
1 - 36% - 40% - 14:59
2 - 26% - 30% - 10:46
3 - 26% - 20% - 10:49
4 - 11% - 10% - 4:36
Normal Defense
1 - 38% - 40% - 15:44
2 - 34% - 30% - 13:51
3 - 23% - 20% - 9:16
4 - 6% - 10% - 2:19
PP Forward
1 - 58% - 60% - 4:58
2 - 42% - 40% - 3:32
PP Defense
1 - 62% - 60% - 5:14
2 - 38% - 40% - 3:16
PK Forward
1 - 70% - 60% - 5:55
2 - 30% - 40% - 2:31
PK Defense
1 - 59% - 60% - 5:00
2 - 41% - 40% - 3:26
PK3 Forward
1 - 82% - 60% - 1:29
2 - 18% - 40% - 0:19
PK3 Defense
1 - 57% - 60% - 1:02
2 - 43% - 40% - 0:46
44 Forward
1 - 81% - 60% - 4:09
2 - 19% - 40% - 0:57
44 Defense
1 - 56% - 60% - 2:51
2 - 44% - 40% - 2:15
Last Minute Offensive  - 0:00
Last Minute Defensive  - 0:00
Total
Forward - 65:00
Defense - 65:00

Play-by-Play

1st period


0:01 of 1st period - Sam Carrick wins face-off versus Calle Jarnkrok in neutral zone.
0:10 of 1st period - Snap shot by Alex Iafallo.
0:10 of 1st period - Stopped by Zachary Fucale with a rebound.
0:12 of 1st period - Slapshot by Markus Nutivaara.
0:12 of 1st period - Shot Blocked by Reid McNeill.
0:14 of 1st period - Slapshot by Markus Nutivaara.
0:14 of 1st period - Stopped by Zachary Fucale with a rebound.
0:16 of 1st period - Slapshot by Arturs Kulda.
0:16 of 1st period - Stopped by Zachary Fucale with a rebound.
0:45 of 1st period - Minor Penalty to Reid McNeill for Hooking.
0:46 of 1st period - Michael Bournival wins face-off versus Sam Carrick in Phantoms zone.
1:01 of 1st period - Snap shot by Markus Nutivaara.
1:01 of 1st period - Deflect By Brandon Kozun.
1:01 of 1st period - Shot Blocked by Ivan Provorov.
1:01 of 1st period - Puck is out of play.
1:02 of 1st period - Emil Pettersson wins face-off versus Travis Konecny in Phantoms zone.
1:05 of 1st period - Snap shot by William Carrier.
1:05 of 1st period - Stopped by Zachary Fucale with a rebound.
2:45 of 1st period - Penalty to Reid McNeill is over, Reid McNeill is back on ice.
3:11 of 1st period - Arturs Kulda is hit by Alex DeBrincat and loses puck.
3:34 of 1st period - Minor Penalty to Alex Henriksson for Tripping.
3:35 of 1st period - Nick Shore wins face-off versus Sam Carrick in Barracuda zone.
3:38 of 1st period - Wrist shot by Nick Shore.
3:38 of 1st period - Deflect By Sven Andrighetto.
3:38 of 1st period - Stopped by Joacim Eriksson with a rebound.
5:34 of 1st period - Penalty to Alex Henriksson is over, Alex Henriksson is back on ice.
5:52 of 1st period - Devon Teows is hit by David Shields and loses puck.
7:37 of 1st period - Wrist shot by Calle Jarnkrok.
7:37 of 1st period - Shot Misses the Net.
7:51 of 1st period - Slapshot by Samuel Groulx.
7:51 of 1st period - Deflect By Theodor Blueger.
7:51 of 1st period - Goal by Theodor Blueger - Barracuda : 1 - Phantoms : 0.
7:52 of 1st period - Sam Carrick wins face-off versus Nick Shore in neutral zone.
7:57 of 1st period - Slapshot by Dmitrij Jaskin.
7:57 of 1st period - Stopped by Zachary Fucale without a rebound.
7:58 of 1st period - Nick Shore wins face-off versus Sam Carrick in Phantoms zone.
7:58 of 1st period - Nick Shore is hit by Dmitrij Jaskin.
8:04 of 1st period - Slapshot by Nick Shore.
8:04 of 1st period - Shot Blocked by Alex Iafallo.
8:14 of 1st period - Snap shot by Dmitrij Jaskin.
8:14 of 1st period - Shot Misses the Net.
9:14 of 1st period - Wrist shot by Alex Iafallo.
9:14 of 1st period - Shot Misses the Net.
9:53 of 1st period - Snap shot by Emil Pettersson.
9:53 of 1st period - Stopped by Zachary Fucale with a rebound.
10:44 of 1st period - Snap shot by Brandon Kozun.
10:44 of 1st period - Shot Hit the Post.
10:57 of 1st period - Chris Wagner is hit by Reid McNeill.
11:01 of 1st period - Wrist shot by Michael Bournival.
11:01 of 1st period - Deflect By Erik Nystrom.
11:01 of 1st period - Shot Misses the Net.
11:01 of 1st period - Puck is out of play.
11:02 of 1st period - Nick Shore wins face-off versus Sam Carrick in Barracuda zone.
11:15 of 1st period - Snap shot by Nick Shore.
11:15 of 1st period - Stopped by Joacim Eriksson without a rebound.
11:16 of 1st period - Nick Shore wins face-off versus Sam Carrick in Barracuda zone.
12:09 of 1st period - Eric Gustafsson is hit by Travis Konecny and loses puck.
13:44 of 1st period - Wrist shot by Cole Ully.
13:44 of 1st period - Stopped by Zachary Fucale without a rebound.
13:45 of 1st period - Sam Carrick wins face-off versus Nick Shore in Phantoms zone.
14:06 of 1st period - Arturs Kulda is hit by Sven Andrighetto and loses puck.
14:10 of 1st period - Icing by Alex Iafallo.
14:11 of 1st period - Calle Jarnkrok wins face-off versus Sam Carrick in Barracuda zone.
14:12 of 1st period - Slapshot by Travis Konecny.
14:12 of 1st period - Shot Misses the Net.
14:24 of 1st period - Snap shot by Sam Carrick.
14:24 of 1st period - Shot Misses the Net.
14:26 of 1st period - Snap shot by Alex Iafallo.
14:26 of 1st period - Shot Misses the Net.
14:28 of 1st period - Slapshot by Markus Nutivaara.
14:28 of 1st period - Stopped by Zachary Fucale with a rebound.
14:32 of 1st period - Wrist shot by Alex Iafallo.
14:32 of 1st period - Stopped by Zachary Fucale with a rebound.
14:38 of 1st period - Snap shot by Sam Carrick.
14:38 of 1st period - Deflect By Dmitrij Jaskin.
14:38 of 1st period - Shot Hit the Post.
14:38 of 1st period - Puck is out of play.
14:39 of 1st period - Nick Shore wins face-off versus Emil Pettersson in Phantoms zone.
15:06 of 1st period - Snap shot by Cole Ully.
15:06 of 1st period - Stopped by Zachary Fucale without a rebound.
15:07 of 1st period - Cristoval Nieves wins face-off versus Theodor Blueger in Phantoms zone.
15:07 of 1st period - Cristoval Nieves is hit by Justin Shugg.
15:30 of 1st period - Minor Penalty to Morgan Klimchuk for Hooking.
15:31 of 1st period - Michael Bournival wins face-off versus Sam Carrick in Phantoms zone.
17:22 of 1st period - Sven Andrighetto is hit by Brandon Kozun.
17:30 of 1st period - Penalty to Morgan Klimchuk is over, Morgan Klimchuk is back on ice.
17:48 of 1st period - Devon Teows is hit by Theodor Blueger and loses puck.
18:03 of 1st period - Snap shot by Chris Wagner.
18:03 of 1st period - Shot Misses the Net.
18:25 of 1st period - Lucas Wallmarkk is hit by Theodor Blueger and loses puck.
19:01 of 1st period - Icing by Mikko Lehtonen.
19:02 of 1st period - Sam Carrick wins face-off versus Nick Shore in Phantoms zone.
19:35 of 1st period - Wrist shot by Michael Bournival.
19:35 of 1st period - Stopped by Joacim Eriksson with a rebound.
19:37 of 1st period - Slapshot by Travis Konecny.
19:37 of 1st period - Stopped by Joacim Eriksson with a rebound.
19:47 of 1st period - Noah Gregor is hit by Cristoval Nieves and loses puck.
19:58 of 1st period - Slapshot by Arturs Kulda.
19:58 of 1st period - Shot Blocked by Brenden Kichton.
Goals for this period are 1 for Barracuda vs 0 for Phantoms.
Shots for this period are 11 for Barracuda vs 4 for Phantoms.

2nd period


0:01 of 2nd period - Calle Jarnkrok wins face-off versus Sam Carrick in neutral zone.
0:36 of 2nd period - Off-side.
0:37 of 2nd period - Sam Carrick wins face-off versus Calle Jarnkrok in neutral zone.
0:42 of 2nd period - Snap shot by Alex Iafallo.
0:42 of 2nd period - Shot Misses the Net.
0:44 of 2nd period - Slapshot by Samuel Groulx.
0:44 of 2nd period - Shot Misses the Net.
0:59 of 2nd period - Minor Penalty to Alex Iafallo for Hooking.
1:00 of 2nd period - Calle Jarnkrok wins face-off versus Sam Carrick in Barracuda zone.
1:00 of 2nd period - Wrist shot by Travis Konecny.
1:00 of 2nd period - Shot Misses the Net.
1:02 of 2nd period - Snap shot by Travis Konecny.
1:02 of 2nd period - Stopped by Joacim Eriksson without a rebound.
1:03 of 2nd period - Calle Jarnkrok wins face-off versus Sam Carrick in Barracuda zone.
1:16 of 2nd period - Snap shot by Travis Konecny.
1:16 of 2nd period - Shot Misses the Net.
1:18 of 2nd period - Snap shot by Travis Konecny.
1:18 of 2nd period - Deflect By Markus Nutivaara.
1:18 of 2nd period - Stopped by Joacim Eriksson with a rebound.
1:20 of 2nd period - Slapshot by Reid McNeill.
1:20 of 2nd period - Stopped by Joacim Eriksson with a rebound.
2:14 of 2nd period - Wrist shot by Samuel Groulx.
2:14 of 2nd period - Shot Misses the Net.
2:59 of 2nd period - Penalty to Alex Iafallo is over, Alex Iafallo is back on ice.
3:13 of 2nd period - Snap shot by Cristoval Nieves.
3:13 of 2nd period - Stopped by Joacim Eriksson without a rebound.
3:14 of 2nd period - Sam Carrick wins face-off versus Cristoval Nieves in Barracuda zone.
3:21 of 2nd period - Snap shot by Dmitrij Jaskin.
3:21 of 2nd period - Goal by Dmitrij Jaskin - Barracuda : 2 - Phantoms : 0.
3:22 of 2nd period - Calle Jarnkrok wins face-off versus Sam Carrick in neutral zone.
3:36 of 2nd period - Slapshot by Reid McNeill.
3:36 of 2nd period - Stopped by Joacim Eriksson without a rebound.
3:37 of 2nd period - Calle Jarnkrok wins face-off versus Brandon Kozun in Barracuda zone.
4:02 of 2nd period - Alex DeBrincat is hit by Alex Iafallo and loses puck.
4:33 of 2nd period - Wrist shot by Nick Sorensen.
4:33 of 2nd period - Shot Misses the Net.
4:47 of 2nd period - Snap shot by Travis Konecny.
4:47 of 2nd period - Stopped by Joacim Eriksson with a rebound.
4:49 of 2nd period - Slapshot by Devon Teows.
4:49 of 2nd period - Stopped by Joacim Eriksson without a rebound.
4:50 of 2nd period - Alex Henriksson wins face-off versus Calle Jarnkrok in Barracuda zone.
5:21 of 2nd period - Snap shot by Brandon Kozun.
5:21 of 2nd period - Stopped by Zachary Fucale with a rebound.
5:23 of 2nd period - Snap shot by Eric Gustafsson.
5:23 of 2nd period - Shot Misses the Net.
5:25 of 2nd period - Slapshot by Eric Gustafsson.
5:25 of 2nd period - Stopped by Zachary Fucale without a rebound.
5:26 of 2nd period - Calle Jarnkrok wins face-off versus Sam Carrick in Phantoms zone.
5:35 of 2nd period - Wrist shot by Sam Carrick.
5:35 of 2nd period - Deflect By Dmitrij Jaskin.
5:35 of 2nd period - Stopped by Zachary Fucale without a rebound.
5:36 of 2nd period - Calle Jarnkrok wins face-off versus Sam Carrick in Phantoms zone.
5:41 of 2nd period - Wrist shot by Alex Iafallo.
5:41 of 2nd period - Stopped by Zachary Fucale with a rebound.
5:52 of 2nd period - Snap shot by Dmitrij Jaskin.
5:52 of 2nd period - Shot Misses the Net.
5:54 of 2nd period - Snap shot by Dmitrij Jaskin.
5:54 of 2nd period - Shot Misses the Net.
6:47 of 2nd period - Wrist shot by Travis Konecny.
6:47 of 2nd period - Shot Misses the Net.
7:22 of 2nd period - Minor Penalty to Sam Carrick for Hooking.
7:23 of 2nd period - Emil Pettersson wins face-off versus Nick Shore in Barracuda zone.
7:27 of 2nd period - Minor Penalty to Sven Andrighetto for Hooking.
7:28 of 2nd period - David Kampf wins face-off versus Emil Pettersson in Phantoms zone.
8:05 of 2nd period - Slapshot by Samuel Groulx.
8:05 of 2nd period - Deflect By Reid McNeill.
8:05 of 2nd period - Stopped by Zachary Fucale with a rebound.
8:41 of 2nd period - Michael Bournival is hit by Samuel Groulx and loses puck.
9:22 of 2nd period - Penalty to Sam Carrick is over, Sam Carrick is back on ice.
9:27 of 2nd period - Penalty to Sven Andrighetto is over, Sven Andrighetto is back on ice.
9:27 of 2nd period - Jake Dotchin is hit by Sam Carrick and loses puck.
9:48 of 2nd period - Snap shot by Theodor Blueger.
9:48 of 2nd period - Shot Misses the Net.
9:50 of 2nd period - Slapshot by Theodor Blueger.
9:50 of 2nd period - Shot Blocked by Jake Dotchin.
9:52 of 2nd period - Slapshot by Eric Gustafsson.
9:52 of 2nd period - Shot Misses the Net.
9:54 of 2nd period - Wrist shot by Alex Henriksson.
9:54 of 2nd period - Goal by Alex Henriksson - Barracuda : 3 - Phantoms : 0.
9:55 of 2nd period - Nick Shore wins face-off versus Emil Pettersson in neutral zone.
10:10 of 2nd period - Snap shot by Markus Nutivaara.
10:10 of 2nd period - Stopped by Zachary Fucale with a rebound.
11:17 of 2nd period - Wrist shot by Travis Konecny.
11:17 of 2nd period - Stopped by Joacim Eriksson without a rebound.
11:18 of 2nd period - Emil Pettersson wins face-off versus Calle Jarnkrok in Barracuda zone.
11:35 of 2nd period - Wrist shot by Michael Bournival.
11:35 of 2nd period - Shot Misses the Net.
11:37 of 2nd period - Slapshot by Michael Bournival.
11:37 of 2nd period - Stopped by Joacim Eriksson without a rebound.
11:38 of 2nd period - Nick Shore wins face-off versus Sam Carrick in Barracuda zone.
11:41 of 2nd period - Wrist shot by Nick Shore.
11:41 of 2nd period - Stopped by Joacim Eriksson without a rebound.
11:42 of 2nd period - Sam Carrick wins face-off versus Nick Shore in Barracuda zone.
12:12 of 2nd period - Slapshot by Reid McNeill.
12:12 of 2nd period - Deflect By Nick Sorensen.
12:12 of 2nd period - Stopped by Joacim Eriksson with a rebound.
12:14 of 2nd period - Slapshot by Cristoval Nieves.
12:14 of 2nd period - Goal by Cristoval Nieves - Barracuda : 3 - Phantoms : 1.
12:15 of 2nd period - Emil Pettersson wins face-off versus Calle Jarnkrok in neutral zone.
13:00 of 2nd period - Minor Penalty to Emil Pettersson for Hooking.
13:01 of 2nd period - Calle Jarnkrok wins face-off versus Sam Carrick in Barracuda zone.
13:08 of 2nd period - Snap shot by Travis Konecny.
13:08 of 2nd period - Shot Misses the Net.
13:10 of 2nd period - Snap shot by Michael Bournival.
13:10 of 2nd period - Stopped by Joacim Eriksson with a rebound.
13:12 of 2nd period - Snap shot by Calle Jarnkrok.
13:12 of 2nd period - Shot Misses the Net.
13:14 of 2nd period - Snap shot by Travis Konecny.
13:14 of 2nd period - Stopped by Joacim Eriksson without a rebound.
13:15 of 2nd period - Sam Carrick wins face-off versus Calle Jarnkrok in Barracuda zone.
13:30 of 2nd period - Snap shot by Michael Bournival.
13:30 of 2nd period - Stopped by Joacim Eriksson without a rebound.
13:31 of 2nd period - Sam Carrick wins face-off versus Calle Jarnkrok in Barracuda zone.
13:46 of 2nd period - Sam Carrick is hit by Calle Jarnkrok and loses puck.
15:00 of 2nd period - Penalty to Emil Pettersson is over, Emil Pettersson is back on ice.
15:47 of 2nd period - Justin Shugg is hit by Sven Andrighetto and loses puck.
16:03 of 2nd period - Off-side.
16:04 of 2nd period - Sam Carrick wins face-off versus Cristoval Nieves in neutral zone.
16:09 of 2nd period - Backhand shot by Dmitrij Jaskin.
16:09 of 2nd period - Shot Blocked by Nick Sorensen.
16:11 of 2nd period - Wrist shot by Arturs Kulda.
16:11 of 2nd period - Shot Blocked by Cristoval Nieves.
16:13 of 2nd period - Snap shot by Alex Iafallo.
16:13 of 2nd period - Deflect By Ivan Provorov.
16:13 of 2nd period - Shot Misses the Net.
16:13 of 2nd period - Puck is out of play.
16:14 of 2nd period - Michael Bournival wins face-off versus Emil Pettersson in Phantoms zone.
16:19 of 2nd period - Markus Nutivaara is hit by Travis Konecny and loses puck.
16:45 of 2nd period - Slapshot by Eric Gustafsson.
16:45 of 2nd period - Stopped by Zachary Fucale without a rebound.
16:46 of 2nd period - Nick Shore wins face-off versus Sam Carrick in Phantoms zone.
17:10 of 2nd period - Alex Iafallo is hit by Nick Shore and loses puck.
17:19 of 2nd period - Wrist shot by Sven Andrighetto.
17:19 of 2nd period - Shot Blocked by Samuel Groulx.
17:22 of 2nd period - Icing by Samuel Groulx.
17:23 of 2nd period - Sam Carrick wins face-off versus Calle Jarnkrok in Barracuda zone.
17:58 of 2nd period - Reid McNeill is hit by Alex Iafallo and loses puck.
18:05 of 2nd period - Snap shot by Alex Iafallo.
18:05 of 2nd period - Deflect By Dmitrij Jaskin.
18:05 of 2nd period - Stopped by Zachary Fucale without a rebound.
18:06 of 2nd period - Emil Pettersson wins face-off versus Calle Jarnkrok in Phantoms zone.
18:19 of 2nd period - Wrist shot by Emil Pettersson.
18:19 of 2nd period - Shot Misses the Net.
18:31 of 2nd period - Justin Shugg is hit by Sven Andrighetto and loses puck.
18:50 of 2nd period - Alex Henriksson is hit by Devon Teows.
19:24 of 2nd period - Minor Penalty to Robin Norell for Hooking.
19:25 of 2nd period - Calle Jarnkrok wins face-off versus Alex Iafallo in Barracuda zone.
19:25 of 2nd period - Wrist shot by Travis Konecny.
19:25 of 2nd period - Shot Misses the Net.
19:27 of 2nd period - Slapshot by Reid McNeill.
19:27 of 2nd period - Stopped by Joacim Eriksson with a rebound.
19:33 of 2nd period - Wrist shot by Travis Konecny.
19:33 of 2nd period - Deflect By Calle Jarnkrok.
19:33 of 2nd period - Shot Misses the Net.
19:33 of 2nd period - Puck is out of play.
19:34 of 2nd period - Calle Jarnkrok wins face-off versus Sam Carrick in Barracuda zone.
19:37 of 2nd period - Slapshot by Travis Konecny.
19:37 of 2nd period - Goal by Travis Konecny - Barracuda : 3 - Phantoms : 2.
19:38 of 2nd period - Emil Pettersson wins face-off versus Calle Jarnkrok in neutral zone.
Goals for this period are 2 for Barracuda vs 2 for Phantoms.
Shots for this period are 10 for Barracuda vs 17 for Phantoms.

3rd period


0:01 of 3rd period - Emil Pettersson wins face-off versus Calle Jarnkrok in neutral zone.
0:38 of 3rd period - Minor Penalty to Morgan Klimchuk for Roughing.
0:39 of 3rd period - Sam Carrick wins face-off versus Michael Bournival in Phantoms zone.
0:54 of 3rd period - Wrist shot by Sam Carrick.
0:54 of 3rd period - Deflect By Dmitrij Jaskin.
0:54 of 3rd period - Shot Blocked by Jake Dotchin.
0:54 of 3rd period - Puck is out of play.
0:55 of 3rd period - Michael Bournival wins face-off versus Sam Carrick in Phantoms zone.
2:17 of 3rd period - Snap shot by Travis Konecny.
2:17 of 3rd period - Stopped by Joacim Eriksson without a rebound.
2:18 of 3rd period - Michael Bournival wins face-off versus Emil Pettersson in Barracuda zone.
2:38 of 3rd period - Penalty to Morgan Klimchuk is over, Morgan Klimchuk is back on ice.
2:45 of 3rd period - Samuel Groulx is hit by Nick Shore and loses puck.
2:54 of 3rd period - Wrist shot by Alex DeBrincat.
2:54 of 3rd period - Shot Misses the Net.
4:20 of 3rd period - Snap shot by Morgan Klimchuk.
4:20 of 3rd period - Shot Misses the Net.
4:42 of 3rd period - Slapshot by Markus Nutivaara.
4:42 of 3rd period - Shot Blocked by Blake Heinrich.
4:54 of 3rd period - Wrist shot by Travis Konecny.
4:54 of 3rd period - Stopped by Joacim Eriksson without a rebound.
4:55 of 3rd period - Calle Jarnkrok wins face-off versus Sam Carrick in Barracuda zone.
5:24 of 3rd period - Robin Norell is hit by Nick Shore and loses puck.
6:05 of 3rd period - Wrist shot by Travis Konecny.
6:05 of 3rd period - Stopped by Joacim Eriksson with a rebound.
6:12 of 3rd period - Off-side.
6:13 of 3rd period - Emil Pettersson wins face-off versus Sven Andrighetto in neutral zone.
6:16 of 3rd period - Alex DeBrincat is hit by Brandon Kozun and loses puck.
6:23 of 3rd period - Wrist shot by Emil Pettersson.
6:23 of 3rd period - Deflect By William Carrier.
6:23 of 3rd period - Shot Blocked by Blake Heinrich.
6:23 of 3rd period - Puck is out of play.
6:24 of 3rd period - Sam Carrick wins face-off versus Calle Jarnkrok in Phantoms zone.
6:32 of 3rd period - Off-side.
6:33 of 3rd period - Calle Jarnkrok wins face-off versus Sam Carrick in neutral zone.
7:09 of 3rd period - Alex Iafallo is hit by Calle Jarnkrok and loses puck.
7:26 of 3rd period - Slapshot by Travis Konecny.
7:26 of 3rd period - Stopped by Joacim Eriksson with a rebound.
7:28 of 3rd period - Slapshot by Blake Heinrich.
7:28 of 3rd period - Stopped by Joacim Eriksson without a rebound.
7:29 of 3rd period - Emil Pettersson wins face-off versus Nick Shore in Barracuda zone.
7:29 of 3rd period - Brandon Kozun is hit by Jake Dotchin and loses puck.
7:37 of 3rd period - Minor Penalty to Reid McNeill for Roughing.
7:38 of 3rd period - Emil Pettersson wins face-off versus Michael Bournival in Phantoms zone.
8:02 of 3rd period - Calle Jarnkrok is hit by Alex Iafallo.
9:37 of 3rd period - Penalty to Reid McNeill is over, Reid McNeill is back on ice.
10:21 of 3rd period - Wrist shot by Reid McNeill.
10:21 of 3rd period - Stopped by Joacim Eriksson with a rebound.
10:56 of 3rd period - Snap shot by Reid McNeill.
10:56 of 3rd period - Goal by Reid McNeill - Barracuda : 3 - Phantoms : 3.
10:57 of 3rd period - Nick Shore wins face-off versus Emil Pettersson in neutral zone.
11:10 of 3rd period - Snap shot by Alex DeBrincat.
11:10 of 3rd period - Shot Hit the Post.
11:12 of 3rd period - Slapshot by Alex DeBrincat.
11:12 of 3rd period - Shot Misses the Net.
11:22 of 3rd period - Ivan Provorov is hit by Sam Carrick and loses puck.
12:01 of 3rd period - Wrist shot by Nick Shore.
12:01 of 3rd period - Stopped by Joacim Eriksson with a rebound.
12:39 of 3rd period - Wrist shot by Morgan Klimchuk.
12:39 of 3rd period - Stopped by Joacim Eriksson with a rebound.
13:23 of 3rd period - Snap shot by William Carrier.
13:23 of 3rd period - Shot Misses the Net.
13:44 of 3rd period - Snap shot by Alex Henriksson.
13:44 of 3rd period - Stopped by Zachary Fucale with a rebound.
13:46 of 3rd period - Snap shot by Alex Henriksson.
13:46 of 3rd period - Stopped by Zachary Fucale without a rebound.
13:47 of 3rd period - Emil Pettersson wins face-off versus Cristoval Nieves in Phantoms zone.
13:50 of 3rd period - Slapshot by William Carrier.
13:50 of 3rd period - Stopped by Zachary Fucale with a rebound.
14:15 of 3rd period - Minor Penalty to Arturs Kulda for Holding.
14:16 of 3rd period - Calle Jarnkrok wins face-off versus Alex Iafallo in Barracuda zone.
14:17 of 3rd period - Snap shot by Michael Bournival.
14:17 of 3rd period - Stopped by Joacim Eriksson with a rebound.
14:19 of 3rd period - Wrist shot by Calle Jarnkrok.
14:19 of 3rd period - Shot Blocked by Alex Iafallo.
14:21 of 3rd period - Wrist shot by Travis Konecny.
14:21 of 3rd period - Shot Misses the Net.
14:23 of 3rd period - Snap shot by Calle Jarnkrok.
14:23 of 3rd period - Shot Misses the Net.
14:25 of 3rd period - Slapshot by Reid McNeill.
14:25 of 3rd period - Stopped by Joacim Eriksson with a rebound.
14:27 of 3rd period - Slapshot by Reid McNeill.
14:27 of 3rd period - Deflect By Michael Bournival.
14:27 of 3rd period - Stopped by Joacim Eriksson with a rebound.
14:29 of 3rd period - Slapshot by Reid McNeill.
14:29 of 3rd period - Shot Blocked by Samuel Groulx.
14:31 of 3rd period - Snap shot by Calle Jarnkrok.
14:31 of 3rd period - Goal by Calle Jarnkrok - Barracuda : 3 - Phantoms : 4.
14:32 of 3rd period - Calle Jarnkrok wins face-off versus Sam Carrick in neutral zone.
15:10 of 3rd period - Minor Penalty to Markus Nutivaara for High sticking.
15:11 of 3rd period - Travis Konecny wins face-off versus Sam Carrick in Barracuda zone.
15:41 of 3rd period - Emil Pettersson is hit by Blake Heinrich and loses puck.
17:10 of 3rd period - Penalty to Markus Nutivaara is over, Markus Nutivaara is back on ice.
17:14 of 3rd period - Wrist shot by Sam Carrick.
17:14 of 3rd period - Stopped by Zachary Fucale without a rebound.
17:15 of 3rd period - Theodor Blueger wins face-off versus David Kampf in Phantoms zone.
17:16 of 3rd period - Snap shot by Markus Nutivaara.
17:16 of 3rd period - Stopped by Zachary Fucale without a rebound.
17:17 of 3rd period - David Kampf wins face-off versus Theodor Blueger in Phantoms zone.
17:24 of 3rd period - Slapshot by Ivan Provorov.
17:24 of 3rd period - Stopped by Joacim Eriksson with a rebound.
17:26 of 3rd period - Slapshot by Ivan Provorov.
17:26 of 3rd period - Deflect By David Kampf.
17:26 of 3rd period - Shot Misses the Net.
17:26 of 3rd period - Puck is out of play.
17:27 of 3rd period - Cristoval Nieves wins face-off versus Justin Shugg in Barracuda zone.
17:42 of 3rd period - Wrist shot by Cole Ully.
17:42 of 3rd period - Shot Misses the Net.
17:48 of 3rd period - Minor Penalty to Nick Sorensen for Holding.
17:49 of 3rd period - Sam Carrick wins face-off versus Michael Bournival in Phantoms zone.
17:50 of 3rd period - Slapshot by Alex Iafallo.
17:50 of 3rd period - Stopped by Zachary Fucale with a rebound.
17:52 of 3rd period - Slapshot by Markus Nutivaara.
17:52 of 3rd period - Stopped by Zachary Fucale with a rebound.
18:02 of 3rd period - Slapshot by Markus Nutivaara.
18:02 of 3rd period - Goal by Markus Nutivaara - Barracuda : 4 - Phantoms : 4.
18:03 of 3rd period - Theodor Blueger wins face-off versus Cristoval Nieves in neutral zone.
18:06 of 3rd period - Slapshot by Markus Nutivaara.
18:06 of 3rd period - Shot Misses the Net.
18:08 of 3rd period - Snap shot by Cole Ully.
18:08 of 3rd period - Shot Misses the Net.
18:33 of 3rd period - Dmitrij Jaskin is hit by Reid McNeill and loses puck.
18:50 of 3rd period - Wrist shot by Emil Pettersson.
18:50 of 3rd period - Shot Hit the Post.
18:52 of 3rd period - Slapshot by David Shields.
18:52 of 3rd period - Stopped by Zachary Fucale without a rebound.
18:53 of 3rd period - Cristoval Nieves wins face-off versus Emil Pettersson in Phantoms zone.
18:58 of 3rd period - Blake Heinrich is hit by Brandon Kozun and loses puck.
19:13 of 3rd period - Wrist shot by Brandon Kozun.
19:13 of 3rd period - Shot Misses the Net.
19:19 of 3rd period - Snap shot by Brandon Kozun.
19:19 of 3rd period - Deflect By William Carrier.
19:19 of 3rd period - Stopped by Zachary Fucale with a rebound.
19:25 of 3rd period - Snap shot by Brandon Kozun.
19:25 of 3rd period - Shot Blocked by Ivan Provorov.
19:48 of 3rd period - Minor Penalty to Blake Heinrich for Roughing.
19:49 of 3rd period - Michael Bournival wins face-off versus Sam Carrick in Phantoms zone.
Goals for this period are 1 for Barracuda vs 2 for Phantoms.
Shots for this period are 10 for Barracuda vs 14 for Phantoms.

Overtime #1


0:01 of 1st overtime period - Michael Bournival wins face-off versus Alex Iafallo in neutral zone.
0:14 of 1st overtime period - Slapshot by Arturs Kulda.
0:14 of 1st overtime period - Shot Blocked by Michael Bournival.
1:18 of 1st overtime period - Jake Dotchin is hit by Justin Shugg and loses puck.
1:23 of 1st overtime period - Slapshot by Eric Gustafsson.
1:23 of 1st overtime period - Stopped by Zachary Fucale with a rebound.
1:39 of 1st overtime period - Laurent Dauphin is hit by Samuel Groulx and loses puck.
1:48 of 1st overtime period - Penalty to Blake Heinrich is over, Blake Heinrich is back on ice.
1:48 of 1st overtime period - Markus Nutivaara is hit by Blake Heinrich and loses puck.
2:05 of 1st overtime period - Markus Nutivaara is hit by Jake Dotchin and loses puck.
2:18 of 1st overtime period - Snap shot by Markus Nutivaara.
2:18 of 1st overtime period - Shot Blocked by Blake Heinrich.
2:37 of 1st overtime period - Icing by Calle Jarnkrok.
2:38 of 1st overtime period - Calle Jarnkrok wins face-off versus Justin Shugg in Phantoms zone.
3:03 of 1st overtime period - Jake Dotchin is hit by William Carrier.
4:30 of 1st overtime period - Markus Nutivaara is hit by Michael Bournival and loses puck.
Goals for this period are 0 for Barracuda vs 0 for Phantoms.
Shots for this period are 1 for Barracuda vs 0 for Phantoms.

ShootOut


5:00 of 1st overtime period - Round #1.
5:00 of 1st overtime period - Barracuda, Alex Iafallo.
5:00 of 1st overtime period - Snap shot by Alex Iafallo.
5:00 of 1st overtime period - Stopped by Zachary Fucale.
5:00 of 1st overtime period - Phantoms, Michael Bournival.
5:00 of 1st overtime period - Snap shot by Michael Bournival.
5:00 of 1st overtime period - Goal by Michael Bournival.
5:00 of 1st overtime period - Round #2.
5:00 of 1st overtime period - Barracuda, Dmitrij Jaskin.
5:00 of 1st overtime period - Wrist shot by Dmitrij Jaskin.
5:00 of 1st overtime period - Goal by Dmitrij Jaskin.
5:00 of 1st overtime period - Phantoms, Calle Jarnkrok.
5:00 of 1st overtime period - Wrist shot by Calle Jarnkrok.
5:00 of 1st overtime period - Stopped by Joacim Eriksson.
5:00 of 1st overtime period - Round #3.
5:00 of 1st overtime period - Barracuda, Sam Carrick.
5:00 of 1st overtime period - Deke by Sam Carrick.
5:00 of 1st overtime period - Goal by Sam Carrick.
5:00 of 1st overtime period - Phantoms, Travis Konecny.
5:00 of 1st overtime period - Backhand shot by Travis Konecny.
5:00 of 1st overtime period - Stopped by Joacim Eriksson.